 Dungeon Crawl Stone Soup version 0.25.1-2-g60ff931df9 (console) character file.

Game seed: 4694336680416748186

51 Colgate the Skirmisher (level 3, -3/37 HPs)
             Began as a Troll Abyssal Knight on Aug 1, 2020.
             Was a Believer of Lugonu.
             Killed from afar by Natasha (6 damage)
             ... with a magic dart
             ... on level 2 of the Dungeon.
             The game lasted 00:17:27 (694 turns).

Colgate the Skirmisher (Troll Abyssal Knight)        Turns: 694, Time: 00:17:27

Health: -3/37      AC:  6    Str: 20    XL:     3   Next: 57%
Magic:  3/3        EV: 10    Int:  8    God:    Lugonu [**....]
Gold:   23         SH:  0    Dex: 10    Spells: 2/2 levels left

rFire    . . .     SeeInvis .   a - +1 mace
rCold    . . .     Gourm    +   (no shield)
rNeg     . . .     Faith    .   b - +0 robe
rPois    .         Spirit   .   (helmet restricted)
rElec    .         Reflect  .   (no cloak)
rCorr    .         Harm     .   (gloves unavailable)
MR       .....                  (boots unavailable)
Stlth    +.........             (no amulet)
HPRegen  0.52/turn              (no ring)
MPRegen  0.08/turn              (no ring)

@: slowed, very slow
A: large, unfitting armour, claws 3, fast metabolism 3, gourmand, regeneration
1, shaggy fur 1, tough skin 3
a: Depart the Abyss, Bend Space, Renounce Religion


You were on level 2 of the Dungeon.
You worshipped Lugonu.
Lugonu was pleased with you.
You were completely stuffed.

You visited 1 branch of the dungeon, and saw 2 of its levels.
You visited the Abyss 1 time.

You collected 23 gold pieces.

Inventory:

Hand Weapons
 a - a +1 mace (weapon)
 o - a +1 dagger of venom
Missiles
 f - 11 stones (quivered)
 h - 18 sling bullets
 n - 23 arrows
Armour
 b - a +0 robe (worn)
Scrolls
 i - a scroll of identify {unknown}
 k - a scroll of remove curse {unknown}
 l - a scroll of teleportation {unknown}
 q - a scroll of enchant weapon {unknown}
 r - a scroll of magic mapping {unknown}
Potions
 d - a potion of curing {unknown}
 e - a potion of invisibility {unknown}
 g - a potion of degeneration {unknown}
 m - a potion of stabbing {unknown}
 p - a potion of flight {unknown}
Comestibles
 c - 4 rations
 j - 7 chunks of flesh


   Skills:
 - Level 3.0 Fighting
 + Level 2.0 Maces & Flails
 - Level 2.0 Throwing
 - Level 2.0 Dodging
 - Level 1.5 Invocations


You had 2 spell levels left.
You didn't know any spells.
Your spell library was empty.

Dungeon Overview and Level Annotations

Branches:
Dungeon (2/15)

Altars:

Annotations:
D:2 Natasha


Innate Abilities, Weirdness & Mutations

You are too large for most types of armour.
You have claws for hands.
Your metabolism is lightning-fast.
You like to eat raw meat.
Your natural rate of healing is unusually fast.
You are covered in fur. (AC +1)
You have extremely tough skin. (AC +3)


Message History

Natasha is moderately wounded.
Natasha casts a spell at you. The magic dart hits you! Natasha claws you.
* * * LOW HITPOINT WARNING * * *
You hit Natasha.
Natasha is heavily wounded.
Natasha claws you but does no damage. Natasha claws you.
* * * LOW HITPOINT WARNING * * *
You closely miss Natasha.
Natasha is heavily wounded.
Natasha casts a spell at you.
You feel as though you will be slow longer.
Natasha claws you!
* * * LOW HITPOINT WARNING * * *
You closely miss Natasha.
Natasha is heavily wounded.
Natasha claws you but does no damage. Natasha casts a spell at you.
The magic dart hits you.
You die...

#########
#.......###
#.........
(.(....#### .
#.......###...
#....<..(.()..
#@.)..รท(#####
#h......#
##(###### #.#
#(# #(# #.#
#.#


You could see Natasha.

Vanquished Creatures
  Natasha (D:2)
  A dart slug (D:1)
  A ball python (D:1)
  2 giant cockroaches (D:1)
  4 hobgoblins (D:1)
  3 bats
  2 frilled lizards (D:1)
  4 goblins (D:1)
  4 kobolds (D:1)
  2 rats (D:1)
24 creatures vanquished.

Notes
Turn   | Place    | Note
-------+----------+-------------------------------------------
     0 | Abyss:1  | Colgate the Troll Abyssal Knight began the quest for the
                  | Orb.
     0 | Abyss:1  | Reached XP level 1. HP: 22/22 MP: 1/1
    12 | D:1      | Escaped the Abyss
   205 | D:1      | Reached skill level 3 in Fighting
   205 | D:1      | Reached XP level 2. HP: 31/31 MP: 2/2
   531 | D:1      | Reached ** piety under Lugonu
   626 | D:1      | Reached skill level 1 in Throwing
   654 | D:2      | Noticed Natasha
   660 | D:2      | Noticed a crimson imp
   666 | D:2      | Noticed a crimson imp
   666 | D:2      | Killed Natasha
   666 | D:2      | Reached XP level 3. HP: 17/37 MP: 3/3
   677 | D:2      | Noticed Natasha
   694 | D:2      | Killed from afar by Natasha

Illustrated notes

Levels and vault maps discovered:
D:1:      dpeg_arrival_stone_temple_mockup, layout_loops_ring
D:2:      layout_rooms, guppyfry_early_lair_pool, uniq_natasha

Skill      XL: |  1  2 |
---------------+-------+-----
Fighting       | 3 |  3.0
Dodging        | 2 |  2.0
Maces & Flails | 2 |  2.0
Throwing       | 2 |  2.0
Invocations    | |  1.5

Action                   || total
-------------------------++-------
Melee: Mace              ||    80
Throw: Stone             ||    58
  Eat: Chunk             ||    12
Armor: Robe              ||    34
Dodge: Dodged            ||    48
